 Dungeon Crawl Stone Soup version 0.24.0-10-g970556be89 (webtiles) character file.

Game seed: 14068419694472030172, levelgen mode: deterministic

154 Arixos the Skirmisher (level 5, 0/42 HPs)
             Began as a Demonspawn Monk on Nov 4, 2019.
             Killed from afar by an orc wizard (5 damage)
             ... with a magic dart
             ... on level 3 of the Dungeon.
             The game lasted 00:07:17 (3284 turns).

Arixos the Skirmisher (Demonspawn Monk)             Turns: 3284, Time: 00:07:18

Health: 0/42       AC:  7    Str: 11 (13) XL:     5   Next: 13%
Magic:  5/5        EV: 12    Int:  9 (11) God:
Gold:   144        SH:  0    Dex: 14 (15) Spells: 4/4 levels left

rFire    . . .     SeeInvis .   (no weapon)
rCold    . . .     Gourm    .   (no shield)
rNeg     + . .     Faith    .   b - +1 ring mail {rN+}
rPois    .         Spirit   .   l - +0 helmet
rElec    .         Reflect  .   (no cloak)
rCorr    .         Harm     .   (no gloves)
MR       .....                  (no boots)
Stlth    +.........             (no amulet)
HPRegen  0.14/turn              (no ring)
MPRegen  0.09/turn              (no ring)

@: no status effects
A: claws 1, powered by pain 1
a: no special abilities


You were on level 3 of the Dungeon.
You were not hungry.

You visited 1 branch of the dungeon, and saw 3 of its levels.

You collected 144 gold pieces.

Inventory:

Armour
 b - a +1 ring mail of positive energy (worn)
 l - a +0 helmet (worn)
Scrolls
 d - a scroll of immolation {unknown}
 f - a scroll of magic mapping {unknown}
 g - a scroll of amnesia {unknown}
 i - a scroll of fog
 j - 3 scrolls of identify {unknown}
 k - a scroll of fear {unknown}
 m - 2 scrolls of remove curse
 n - a scroll of teleportation {unknown}
 r - a scroll of enchant armour {unknown}
Potions
 e - a potion of lignification {unknown}
 h - a potion of magic {unknown}
 o - a potion of curing {unknown}
 p - a potion of degeneration
 q - a potion of haste {unknown}
 t - a potion of brilliance {unknown}
 u - a potion of flight {unknown}
Comestibles
 c - 6 rations
 s - 4 chunks of flesh


   Skills:
 + Level 4.2 Fighting
   Level 2.6 Long Blades
 + Level 2.3 Armour
 + Level 3.7 Dodging
 - Level 1.7 Stealth
 * Level 0.1 Unarmed Combat


You had 4 spell levels left.
You didn't know any spells.
Your spell library was empty.

Dungeon Overview and Level Annotations

Branches:
Dungeon (3/15)

Altars:
Ru


Innate Abilities, Weirdness & Mutations

You have sharp fingernails.
You sometimes gain a little power by taking damage.


Message History

* * * LOW HITPOINT WARNING * * *
The orc wizard barely misses you.
You completely miss the orc wizard.
The orc wizard is almost dead.
The orc wizard hits you but does no damage.
You scratch the orc wizard but do no damage.
The orc wizard is almost dead.
The orc wizard closely misses you.
The orc wizard hits you with a +0 dagger.
* * * LOW HITPOINT WARNING * * *
You scratch the orc wizard.
The orc wizard is almost dead.
The orc wizard closely misses you.
It was a potion of degeneration.
There was something very wrong with that liquid.
You feel weakened.
You feel dopey.
You feel clumsy.
The orc wizard hits you but does no damage.
The orc wizard casts a spell at you. The magic dart hits you.
You die...

# ... ###. ... #.#.#
.... ..# #.#.# #..#
#.# #.#.####. ..##.#
......... #.#.# #....
.. #.oo# ######.#.# #.
#.#o# #......#.# #.
..##@###.##.....# #.
.... #.....##.###.# #.
###. #####.##.#
#.####. #.
#....###.##... #
####.....##.#.
###..###..# #......##
#...##.)#
#..###########...##.#.


You could see 2 orc wizards and an orc.

Vanquished Creatures
  An orc priest (D:3)
  A hound (D:3)
  An adder (D:2)
  An ooze (D:3)
  3 worms
  2 dart slugs
  2 leopard geckos (D:1)
  5 orcs (D:3)
  4 giant cockroaches
  5 goblins
  4 hobgoblins
  9 kobolds
  6 bats
  8 frilled lizards
  18 rats
70 creatures vanquished.

Notes
Turn   | Place    | Note
-------+----------+-------------------------------------------
     0 | D:1      | Arixos the Demonspawn Monk began the quest for the Orb.
     0 | D:1      | Reached XP level 1. HP: 18/18 MP: 1/1
   200 | D:1      | Gained mutation: You sometimes gain a little power by
                  | taking damage. [demonic ancestry]
   200 | D:1      | Reached XP level 2. HP: 17/24 MP: 2/2
   549 | D:1      | Reached skill level 1 in Armour
  1181 | D:2      | Reached XP level 3. HP: 22/29 MP: 3/3
  2271 | D:3      | Reached XP level 4. HP: 21/37 MP: 4/4
  2735 | D:3      | Reached skill level 4 in Fighting
  3015 | D:3      | Gained mutation: You have sharp fingernails. [demonic
                  | ancestry]
  3015 | D:3      | Reached XP level 5. HP: 36/42 MP: 5/5
  3181 | D:3      | Found a sacrificial altar of Ru.
  3284 | D:3      | Killed from afar by an orc wizard

Levels and vault maps discovered:
D:1:      dpeg_arrival_houses_and_road, layout_loops_corners
D:2:      layout_rooms, first_ration
D:3:      layout_loops_ring, hangedman_ru_absence

Skill      XL: |  1  2  3  4 |
---------------+-------------+-----
Armour         | 1 2 |  2.3
Dodging        | 3 |  3.7
Fighting       | 4 |  4.2
Long Blades    | |  2.6
Stealth        | |  1.7
Unarmed Combat | |  0.1

Action                   |  1- 3 |  4- 6 || total
-------------------------+-------+-------++-------
Melee: Falchion          |   164 |    74 ||   238
       Unarmed           |       |    50 ||    50
  Use: Scroll            |       |     2 ||     2
       Potion            |       |     1 ||     1
 Stab: Sleeping          |     5 |     3 ||     8
  Eat: Chunk             |     4 |     4 ||     8
Armor: Robe              |    38 |       ||    38
       Ring mail         |    22 |    41 ||    63
Dodge: Dodged            |   108 |    72 ||   180
       Rpst.: Falchion   |    33 |    21 ||    54
